 Dungeon Crawl Stone Soup version 0.25.0-9-g26727b657a (webtiles) character file.

Game seed: 7053164832902772569

550142 HoaS the Conqueror (level 26, -8/193 HPs)
             Began as a Gargoyle Fighter on June 17, 2020.
             Was a High Priest of Zin.
             Mangled by a hell beast (12 damage)
             ... summoned by Geryon
             ... in the Vestibule of Hell on June 18, 2020.
             The game lasted 02:58:04 (53853 turns).

HoaS the Conqueror (Gargoyle Fighter)              Turns: 53853, Time: 02:58:05

Health: -8/193     AC: 26    Str: 32    XL:     26   Next: 28%
Magic:  23/23      EV:  9    Int: 12    God:    Zin [*****.]
Gold:   897        SH: 35    Dex:  9    Spells: 25/25 levels left

rFire    + + .     SeeInvis .   V - +8 eveningstar (flame)
rCold    + + .     Gourm    .   q - +8 tower shield
rNeg     + . .     Faith    +   F - +0 gold dragon scales
rPois    ∞         Spirit   .   m - +2 hat {MR+}
rElec    +         Reflect  .   r - scarf {rC+ rF+}
rCorr    .         Harm     .   t - +1 pair of gloves {Str+3}
MR       ++++.     Rnd*Rage +   s - +1 pair of boots
Stlth    ..........             b - amulet of faith
HPRegen  0.42/turn              B - ring of protection from magic
MPRegen  0.18/turn              a - ring of protection from magic

@: corroded, berserk cooldown, hasted and slowed
A: big wings, berserk 1, negative energy resistance 1, electricity resistance,
unbreathing, petrification resistance, rot immunity, AC +20
}: 3/15 runes: decaying, serpentine, silver
a: Fly, Recite, Vitalisation, Imprison, Sanctuary, Donate Gold, Renounce
Religion


You were in the Vestibule of Hell.
You worshipped Zin.
Zin was extremely pleased with you.
You were very hungry.

You visited 10 branches of the dungeon, and saw 45 of its levels.
You also visited: Trove, Sewer and Wizlab.

You collected 7313 gold pieces.
You spent 3599 gold pieces at shops.
You donated 2817 gold pieces to Zin.

Inventory:

Hand Weapons
 V - a +8 eveningstar of flaming (weapon)
Armour
 m - a +2 hat of magic resistance (worn)
 q - a +8 tower shield (worn)
 r - a scarf of resistance (worn)
 s - a +1 pair of boots (worn)
 t - a +1 pair of gloves of strength (worn)
 F - +0 gold dragon scales (worn)
Jewellery
 a - a ring of protection from magic (right hand)
 b - an amulet of faith (around neck)
 d - an uncursed ring of fire
 k - the amulet of Sif Muna's Indignation {Regen+ Str+3}
   (You took it off a yaktaur captain on level 5 of the Vaults)

   [amulet of regeneration]

   It affects your strength (+3).
   It increases your rate of regeneration.
 v - the ring "Kuadak" {EV+4 Str+5}
   (You took it off a vault sentinel on level 5 of the Vaults)

   [ring of evasion]

   It affects your evasion (+4).
   It affects your strength (+5).
 z - an uncursed ring of see invisible
 A - an uncursed ring of stealth
 B - a ring of protection from magic (left hand)
 D - a +4 ring of evasion
 J - an uncursed ring of protection from cold
 K - an uncursed ring of stealth
 N - an uncursed ring of resist corrosion
 O - an uncursed ring of protection from cold
 Z - an uncursed ring of protection from fire
Wands
 j - a wand of acid (7)
 w - a wand of disintegration (39)
 G - a wand of digging (4)
Scrolls
 c - 32 scrolls of identify
 e - 26 scrolls of remove curse
 o - 13 scrolls of magic mapping
 u - 7 scrolls of blinking
 y - 12 scrolls of teleportation
 C - 3 scrolls of fear
 I - 3 scrolls of fog
 Q - a scroll of brand weapon
 Y - a scroll of silence
Potions
 g - 8 potions of mutation
 h - 5 potions of invisibility
 i - 5 potions of berserk rage
 l - 10 potions of lignification
 n - 2 potions of curing
 p - 2 potions of haste
 E - a potion of resistance
 H - 5 potions of cancellation
 L - 3 potions of might
 M - a potion of heal wounds
 S - 4 potions of ambrosia
Comestibles
 f - 59 rations


   Skills:
 O Level 27 Fighting
 - Level 16.0 Maces & Flails
 * Level 26.0 Armour
 + Level 3.2 Dodging
 - Level 25.0 Shields


You had 25 spell levels left.
You didn't know any spells.
Your spell library contained the following spells:

 Spells                   Type           Power        Failure   Level  Hunger
 Animate Skeleton         Necr           N/A          86%         1    ##.....
 Corona                   Hex            #......      86%         1    ##.....
 Freeze                   Ice            #...         86%         1    ##.....
 Pain                     Necr           #...         86%         1    ##.....
 Ensorcelled Hibernation  Hex/Ice        #.....       95%         2    ###....
 Confusing Touch          Hex            #.......     99%         3    ####...
 Dazzling Flash           Conj/Hex       #.....       99%         3    ####...
 Frozen Ramparts          Ice            #.....       99%         3    ####...
 Ozocubu's Armour         Chrm/Ice       #.......     99%         3    ####...
 Tukima's Dance           Hex            #.......     99%         3    ####...
 Vampiric Draining        Necr           #.........   99%         3    ####...
 Animate Dead             Necr           N/A          100%        4    #####..
 Hailstorm                Conj/Ice       #.......     100%        4    #####..
 Summon Ice Beast         Ice/Summ       #.......     100%        4    #####..
 Agony                    Necr           #.......     100%        5    ######.


Dungeon Overview and Level Annotations

Branches:
Dungeon (15/15)            Temple (1/1) D:7            Lair (6/6) D:10
  Swamp (4/4) Lair:2        Snake (4/4) Lair:4        Slime (0/5) Lair:6
    Orc (2/2) D:10            Elf (2/3) Orc:2        Vaults (5/5) D:13
  Crypt (0/3) Vaults:2     Depths (5/5) D:15           Hell (1/1)
    Zot (0/5) Depths:5      Sewer (visited)          WizLab (visited)
    Dis: Hell:1         Geh: Hell:1         Coc: Hell:1         Tar: Hell:1

Altars:
Ashenzari
Cheibriados
Dithmenos
Elyvilon
Fedhas
Gozag
Hepliaklqana
Kikubaaqudgha
Makhleb
Nemelex Xobeh
Okawaru
Qazlal
Ru
Sif Muna
Trog
Uskayaw
Vehumet
Wu Jian
Xom
Yredelemnul
Zin
The Shining One
Lugonu

Shops:
D:4 *   D:6 !   D:9 [   D:14 =   D:15 [   Orc:2 %[:!   Elf:2 [   Snake:1 =}}
Vaults:2 =   Depths:3 (

Portals:
Hell: Depths:1 Depths:2 Depths:3 Depths:4 Depths:5
Abyss: Depths:2* Depths:4 Depths:5
Pandemonium: Depths:2 Depths:3
Ziggurat: Depths:1

Annotations:
Hell Geryon


Innate Abilities, Weirdness & Mutations

You are resistant to torment.
Your stone body is resilient. (AC +20)
You are immune to poison.
Your large and strong wings let you fly indefinitely.
You resist negative energy. (rN+)
You are resistant to electric shocks. (rElec)
You can survive without breathing.
You are immune to petrification.
You are immune to rotting.
You tend to lose your temper in combat.


Message History

The hell beast tramples you but does no damage.
You completely miss the hell beast. You block the war gargoyle's attack.
You block the hell hog's attack. You block the red devil's attack.
The hell beast closely misses you. The hell beast tramples you.
* * * LOW HITPOINT WARNING * * *
You hold your ground!
You block the rust devil's attack. The iron golem hits you!!
* * * LOW HITPOINT WARNING * * *
You hit the hell beast but do no damage.
You block the war gargoyle's attack. You block the hell hog's attack.
The hell beast bites you but does no damage.
The hell beast tramples you but does no damage.
You block the red devil's attack. You block the green death's attack.
You sock the hell beast! You burn the hell beast.
The hell beast is lightly wounded.
The hell beast bleats, "Succumb, thou simpering toenail-biting mendicant!"
The hell hound stops to sniff the ground.
You block the rust devil's attack. You block the hell hog's attack.
The hell beast bites you!
You die...

.. ##.. #. #
...##...#.#.#
........... .
.......#.### ##
#..
........†..###z
..
...##...#4#2#z#.#
##..4#32#4z#
##.#3#h22#
##h32@#2...#
##h8492&.##
##44h2.## ##8..##
#...# ^....
...... .......


You could see Geryon, 2 iron golems, 6 hell beasts, a green death, 3 skeletal
warriors, a soul eater, a hell hog, 2 sun demons, a war gargoyle, 4 rust devils,
2 red devils and 3 hell hounds.

Vanquished Creatures
  2 ancient liches (Vaults:5)
  Saint Roka (Vaults:1)
  A caustic shrike (Depths:3)
  3 golden dragons
  A bone dragon (Depths:5)
  7 liches
  7 tentacled monstrosities
  A Cloud Mage (WizLab)
  A hellephant (Vaults:2)
  A deep elf blademaster (Elf:2)
  Asterion (Vaults:1)
  2 titans
  The ghost of Suryr the Thaumaturge, an adept GnWz of Sif Muna (Swamp:2)
  A quicksilver dragon (Vaults:5)
  An acid blob (Depths:1)
  Gastronok (D:8)
  6 sphinxes
  Kirke (Elf:1)
  A sphinx (shapeshifter) (Vaults:5)
  2 thorn hunters
  8 shadow dragons
  Roxanne (Elf:1)
  2 storm dragons
  Donald (Swamp:2)
  Agnes (Elf:1)
  8 tengu reavers
  6 fire giants
  The ghost of Enish the Executioner, a journeyman MiBe of Trog (Swamp:1)
  11 nagarajas (Snake:4)
  Aizul (Snake:1)
  6 frost giants
  4 deep elf sorcerers
  A balrug (Vaults:2)
  Louise (Snake:2)
  18 vault wardens
  2 iron dragons
  A ghoul (Vaults:4)
  10 ironheart preservers
  2 war gargoyles
  4 green draconians (Depths:5)
  19 very ugly things
  2 entropy weavers
  21 stone giants
  3 deep elf annihilators
  Azrael (Orc:1)
  The ghost of theswoord the Basher, a journeyman DsGl of Wu Jian (Lair:6)
  4 deep elf demonologists
  A yellow draconian (Depths:5)
  19 spark wasps
  13 ettins
  A purple draconian (Depths:5)
  3 red draconians (Depths:5)
  5 deep elf death magi
  3 blizzard demons (WizLab)
  15 fire dragons
  An ettin (shapeshifter) (Vaults:5)
  A fire dragon (shapeshifter) (Vaults:5)
  A merfolk impaler (Depths:1)
  6 great orbs of eyes
  5 deep elf high priests
  41 vault guards
  10 ice dragons
  2 spriggan air magi
  26 naga warriors
  27 hydras
  23 yaktaur captains
  2 shambling mangroves (Swamp:4)
  8 ghost crabs
  2 catoblepae
  5 anacondas
  5 rakshasas
  12 centaur warriors
  3 death knights
  16 ogre magi
  47 two-headed ogres
  21 dancing weapons
  14 death yaks
  13 alligators
  2 deep troll shamans
  3 hell hogs (Hell)
  5 deep troll earth magi
  3 tengu warriors
  3 spriggan berserkers
  22 naga sharpshooters
  3 soul eaters (Hell)
  2 sun demons (Hell)
  7 shock serpents
  25 hell knights
  A shadow wraith (Vaults:5)
  24 deep elf knights
  6 small abominations
  A fire crab (shapeshifter) (Depths:3)
  2 salamander mystics
  A golden dragon zombie (Depths:2)
  2 death drakes (WizLab)
  3 glowing orange brains
  6 flayed ghosts
  9 skeletal warriors
  3 spriggan druids
  19 deep trolls
  10 swamp dragons
  4 unseen horrors
  An orange crystal statue (Elf:2)
  14 deep elf archers
  A golden dragon skeleton (Depths:2)
  Pikel (D:9)
  6 large abominations
  5 wizards
  2 tengu zombies
  10 naga ritualists
  16 ironbrand convokers
  3 necromancers
  An orc sorcerer (Orc:2)
  10 mana vipers
  6 orc knights
  43 deep elf magi
  A cyclops (shapeshifter) (Vaults:5)
  9 cyclopes
  4 phantasmal warriors
  4 wolf spiders
  12 salamanders
  28 ugly things
  2 oklob plants
  A black mamba (shapeshifter) (Vaults:2)
  5 elephants (Lair:5)
  2 apocalypse crabs (WizLab)
  41 black mambas
  6 manticores
  14 vault sentinels
  6 guardian serpents
  4 rust devils (Hell)
  20 naga magi
  A torpor snail (Lair:2)
  A gargoyle (D:13)
  2 kobold demonologists
  A komodo dragon (shapeshifter) (Depths:3)
  8 komodo dragons
  32 spiny frogs
  14 freezing wraiths
  45 yaktaurs
  3 rime drakes
  2 ice devils (Hell)
  A yaktaur skeleton (Vaults:3)
  3 tengu conjurers
  2 polar bears (shapeshifter)
  A jumping spider (shapeshifter) (Depths:3)
  A meliai (shapeshifter) (Vaults:1)
  3 meliai (D:14)
  11 trolls
  4 polar bears
  A troll (shapeshifter) (Depths:3)
  10 tyrant leeches
  9 hornets
  Grinder (D:3)
  3 wind drakes (WizLab)
  28 slime creatures
  A wolf spider simulacrum (D:12)
  10 bog bodies
  A hippogriff (shapeshifter) (Vaults:5)
  A dream sheep (shapeshifter) (Vaults:5)
  7 hippogriffs
  19 blink frogs
  8 redbacks
  A fire giant simulacrum (Vaults:3)
  3 shadows
  8 water elementals
  6 air elementals
  3 wyverns
  3 wraiths
  9 spriggans
  3 fire elementals (Elf:2)
  A hog (shapeshifter) (D:12)
  5 basilisks
  4 fire bats
  18 yaks
  2 hungry ghosts
  37 vampire mosquitoes
  15 swamp worms
  72 nagas
  A swamp worm (shapeshifter) (Vaults:5)
  9 insubstantial wisps
  2 soldier ants (shapeshifter)
  5 hell hounds
  2 acid dragons
  6 water moccasins
  3 floating eyes
  Purgy (Sewer)
  21 orc warriors
  8 porcupines
  11 swamp drakes
  7 ice beasts
  4 sky beasts
  A human zombie (Vaults:3)
  3 necrophages
  3 phantoms
  2 eyes of draining
  4 slaves (D:9)
  9 boggarts
  7 wolves
  49 ogres
  10 centaurs
  11 crocodiles
  3 big kobolds
  2 earth elementals
  37 bullfrogs
  A wyvern zombie (D:13)
  A gnoll sergeant (D:12)
  A deep troll simulacrum (Vaults:3)
  6 scorpions
  A hornet simulacrum (Vaults:1)
  A wyvern skeleton (D:14)
  2 water moccasin skeletons
  6 killer bees (D:6)
  A howler monkey (D:5)
  4 electric eels
  6 crimson imps
  2 centaur zombies
  2 bullfrog zombies
  9 orc priests
  8 jellies
  6 hounds
  20 orc wizards
  Crazy Yiuf (D:4)
  3 bullfrog skeletons
  7 centaur skeletons
  2 iguanas
  An iron imp (Depths:3)
  12 worker ants
  A howler monkey zombie (D:4)
  A worker ant zombie (D:5)
  13 gnolls
  31 adders
  A howler monkey skeleton (D:7)
  A river rat (D:6)
  8 shadow imps
  An ufetubus (Depths:3)
  4 oozes
  An adder zombie (D:7)
  An adder skeleton (D:9)
  4 worms
  2 dart slugs (D:1)
  6 leopard geckos
  100 orcs
  5 giant cockroaches
  14 goblins
  9 hobgoblins
  11 jackals
  35 kobolds
  8 quokkas
  A ball python (D:1)
  10 bats
  4 frilled lizards
  A leopard gecko zombie (D:5)
  A quokka zombie (D:10)
  5 rats
  2 crawling corpses
  2 fungi (Lair:5)
  4 plants
2012 creatures vanquished.

Vanquished Creatures (collateral kills)
  Mara (Swamp:4)
  A tengu reaver (Depths:3)
  A frost giant (Depths:3)
  An iron dragon (Vaults:5)
  A war gargoyle (Vaults:5)
  A deep elf annihilator (Elf:2)
  A yaktaur captain (Vaults:5)
  A vault guard (Vaults:5)
  A hydra (Swamp:4)
  2 two-headed ogres (Orc:2)
  A deep elf knight (Elf:2)
  3 hell knights (Vaults:2)
  A deep troll (Orc:2)
  A glowing orange brain (Depths:3)
  An orc knight (Vaults:5)
  2 deep elf magi (Elf:2)
  A yaktaur (Vaults:1)
  4 trolls (Orc:2)
  A bog body (Swamp:4)
  A spriggan (Swamp:4)
  An air elemental (Elf:2)
  2 swamp drakes (Swamp:4)
  An orc warrior (Vaults:5)
  5 ogres (Orc:2)
  2 orcs
38 creatures vanquished.

Vanquished Creatures (others)
  A draconian knight (Depths:5)
  A fire giant (Depths:3)
  A yellow draconian (Depths:5)
  A hydra (Swamp:1)
  A naga warrior (Snake:4)
  2 ogre magi
  An alligator (Swamp:2)
  A death yak (Lair:6)
  A swamp dragon (Swamp:1)
  A deep elf mage (Elf:1)
  A naga mage (Snake:4)
  A hornet (Swamp:1)
  An air elemental (WizLab)
  2 spriggans
  A naga (Snake:4)
  2 orc wizards (Vaults:5)
  3 orcs (Vaults:5)
  A kobold (Depths:2)
  3 bushes (Lair:6)
  9 fungi
  46 plants
81 creatures vanquished.

Grand Total: 2131 creatures vanquished

Notes
Turn   | Place    | Note
-------+----------+-------------------------------------------
     0 | D:1      | HoaS the Gargoyle Fighter began the quest for the Orb.
     0 | D:1      | Reached XP level 1. HP: 14/14 MP: 1/1
   151 | D:1      | Reached XP level 2. HP: 10/19 MP: 2/2
   494 | D:1      | Reached XP level 3. HP: 22/23 MP: 3/3
  1141 | D:2      | Reached XP level 4. HP: 25/29 MP: 4/4
  1523 | D:2      | Reached skill level 4 in Fighting
  1536 | D:2      | Reached XP level 5. HP: 19/33 MP: 5/5
  1943 | D:2      | Found a faded altar of an unknown god.
  2362 | D:3      | Noticed Grinder
  2363 | D:3      | Paralysed by Grinder for 2 turns
  2393 | D:3      | Paralysed by Grinder for 3 turns
  2396 | D:3      | Killed Grinder
  2396 | D:3      | Reached skill level 5 in Maces & Flails
  2396 | D:3      | Reached XP level 6. HP: 21/40 MP: 6/6
  2763 | D:4      | Noticed a phantom
  2787 | D:4      | Killed a phantom
  2787 | D:4      | Reached skill level 5 in Fighting
  2787 | D:4      | Reached skill level 5 in Shields
  2787 | D:4      | Reached XP level 7. HP: 36/44 MP: 7/7
  2913 | D:4      | Found a basalt altar of Yredelemnul.
  2926 | D:4      | Found a runed translucent door.
  2927 | D:4      | Noticed Crazy Yiuf
  3003 | D:4      | Found Wodotafou's Whimsical Warehouse.
  3511 | D:4      | Killed Crazy Yiuf
  3752 | D:5      | Entered Level 5 of the Dungeon
  3811 | D:5      | Reached XP level 8. HP: 51/51 MP: 8/8
  3914 | D:5      | Reached skill level 6 in Fighting
  4757 | D:6      | Found Guyfen's Distillery.
  4916 | D:6      | Found a glowing drain.
  4924 | Sewer    | Entered a sewer
  4983 | Sewer    | Noticed Purgy
  5005 | Sewer    | Killed Purgy
  5427 | D:6      | Reached XP level 9. HP: 56/56 MP: 9/9
  6100 | D:7      | Reached skill level 7 in Fighting
  6521 | D:7      | Found a staircase to the Ecumenical Temple.
  6552 | Temple   | Entered the Ecumenical Temple
  6604 | Temple   | Became a worshipper of Trog the Wrathful
  7443 | D:8      | Noticed Gastronok
  7461 | D:8      | Killed Gastronok
  7461 | D:8      | Reached skill level 8 in Fighting
  7461 | D:8      | Reached skill level 10 in Maces & Flails
  7461 | D:8      | Reached XP level 10. HP: 54/65 MP: 10/10
  7607 | D:8      | Reached * piety under Trog
  7740 | D:8      | Found a sparkling altar of Nemelex Xobeh.
  7744 | D:8      | Reached skill level 10 in Fighting
  7744 | D:8      | Reached skill level 10 in Shields
  7744 | D:8      | Reached XP level 11. HP: 70/72 MP: 11/11
  7824 | D:8      | Found a white marble altar of Elyvilon.
  7981 | D:8      | Found a shadowy altar of Dithmenos.
  8143 | D:9      | Noticed Pikel
  8167 | D:9      | Killed Pikel
  8238 | D:9      | Reached ** piety under Trog
  8293 | D:9      | Found Ydwuvaf's Antique Armour Shop.
  8350 | D:9      | Bought a runed scarf for 168 gold pieces
  8646 | D:9      | Noticed a two-headed ogre
  8663 | D:9      | Killed a two-headed ogre
  9119 | D:10     | Entered Level 10 of the Dungeon
  9136 | D:10     | Noticed a manticore
  9139 | D:10     | Noticed a two-headed ogre
  9205 | D:9      | Killed a manticore
  9381 | D:9      | Killed a two-headed ogre
  9381 | D:9      | Reached skill level 11 in Fighting
  9463 | D:10     | Reached XP level 12. HP: 76/80 MP: 12/12
  9471 | D:10     | Reached *** piety under Trog
  9698 | D:10     | Found a staircase to the Orcish Mines.
  9716 | D:10     | Found a staircase to the Lair.
  9987 | D:10     | Reached **** piety under Trog
 10849 | D:12     | You fall into a shaft and drop 1 floor!
 10887 | D:13     | Noticed a centaur warrior
 10917 | D:12     | Killed a centaur warrior
 11076 | D:12     | Reached skill level 12 in Fighting
 11249 | D:12     | Reached ***** piety under Trog
 11299 | D:12     | Noticed a four-headed hydra
 11310 | D:12     | Killed a four-headed hydra
 11684 | Lair:1   | Entered Level 1 of the Lair of Beasts
 11717 | Lair:1   | Noticed a six-headed hydra
 11734 | Lair:1   | Killed a six-headed hydra
 12100 | Lair:1   | Reached XP level 13. HP: 86/87 MP: 13/13
 12941 | Lair:2   | Reached skill level 15 in Maces & Flails
 13137 | Lair:2   | Found a staircase to the Swamp.
 13502 | Lair:3   | Identified a scroll of acquirement
 13981 | Lair:3   | Reached skill level 13 in Fighting
 14157 | Lair:3   | Received a gift from Trog
 14488 | Lair:4   | Found a staircase to the Snake Pit.
 14940 | Lair:4   | Gained mutation: Your large and strong wings let you fly
                  | indefinitely. [Gargoyle growth]
 14940 | Lair:4   | Reached XP level 14. HP: 94/94 MP: 14/14
 15991 | Lair:5   | Reached skill level 14 in Fighting
 16001 | Lair:5   | Reached skill level 15 in Shields
 16742 | Lair:6   | Entered Level 6 of the Lair of Beasts
 17230 | Lair:6   | Received a gift from Trog
 17273 | Lair:6   | Found a runed translucent door.
 17281 | Lair:6   | Identified the cursed +1 spear of Peruitun {vorpal, rN++}
 17283 | Lair:6   | Noticed theswoord's ghost (journeyman DsGl)
 17387 | Lair:6   | Reached ****** piety under Trog
 17400 | Lair:6   | Reached skill level 15 in Fighting
 17564 | Lair:5   | Reached XP level 15. HP: 77/103 MP: 15/15
 17774 | Lair:6   | Found an iron altar of Okawaru.
 17865 | Lair:6   | Found a staircase to the Slime Pits.
 18249 | Lair:6   | Killed theswoord's ghost
 18937 | D:13     | Found a blossoming altar of Fedhas.
 18974 | D:13     | Reached skill level 16 in Fighting
 19080 | D:13     | Found a gate to the Vaults.
 19302 | D:13     | Reached skill level 5 in Armour
 19418 | D:13     | Received a gift from Trog
 20196 | D:14     | You are sucked into a shaft and drop 1 floor!
 20196 | D:15     | Entered Level 15 of the Dungeon
 20283 | D:15     | Found Vyifiot's Antique Armour Emporium.
 20295 | D:15     | Found an ancient bone altar of Kikubaaqudgha.
 20547 | D:15     | Reached XP level 16. HP: 108/111 MP: 16/16
 20714 | D:15     | Found a staircase to the Depths.
 21163 | D:14     | Found Barorep's Jewellery Shoppe.
 21354 | Orc:1    | Entered Level 1 of the Orcish Mines
 21519 | Orc:2    | Entered Level 2 of the Orcish Mines
 21548 | Orc:2    | Noticed Azrael
 21609 | Orc:1    | Killed Azrael
 21648 | Orc:2    | Received a gift from Trog
 21803 | Orc:2    | Found a staircase to the Elven Halls.
 21907 | Orc:2    | Reached skill level 17 in Fighting
 21907 | Orc:2    | Reached skill level 10 in Armour
 22005 | Orc:2    | Found Exavu's Book Emporium.
 22006 | Orc:2    | Found Wuusalom's Food Shop.
 22009 | Orc:2    | Found Axkaddub's Distillery.
 22019 | Orc:2    | Found Sifounen's Antique Armour Shop.
 22498 | Orc:2    | Bought a brightly glowing plate armour for 756 gold pieces
 22508 | Orc:2    | Identified the cursed +1 plate armour of Polytheism {Str+4
                  | Int+3} (You bought it in a shop on level 2 of the Orcish
                  | Mines)
 22916 | Orc:2    | Bought a manual of Armour for 1766 gold pieces
 23121 | Swamp:1  | Entered Level 1 of the Swamp
 23216 | Swamp:1  | Found a runed translucent gate.
 23216 | Swamp:1  | Found a runed translucent gate.
 23217 | Swamp:1  | Found a runed translucent gate.
 23217 | Swamp:1  | Noticed Enish's ghost (journeyman MiBe)
 23280 | Swamp:1  | Received a gift from Trog
 23312 | Swamp:1  | Got a dazzling mace {god gift}
 23322 | Swamp:1  | Identified the +9 mace of Disaster {vorpal, +Rage MR+
                  | Dex-4} (Trog gifted it to you on level 1 of the Swamp)
 24371 | Swamp:2  | Found a large runed translucent door.
 24371 | Swamp:2  | Found a large runed translucent door.
 24375 | Swamp:2  | Noticed Suryr's ghost (adept GnWz)
 24706 | Swamp:3  | Noticed Donald
 24735 | Swamp:2  | Killed Donald
 25708 | Swamp:1  | Reached XP level 17. HP: 86/118 MP: 17/17
 25731 | Swamp:1  | Killed Enish's ghost
 25996 | Swamp:4  | Entered Level 4 of the Swamp
 26136 | Swamp:4  | Received a gift from Trog
 26204 | Swamp:4  | Noticed Mara
 26215 | Swamp:4  | Noticed HoaS's illusion
 26607 | Swamp:4  | Noticed HoaS's illusion
 26727 | Swamp:4  | Killed Mara
 26955 | Swamp:4  | Reached skill level 18 in Fighting
 27864 | Swamp:4  | Received a gift from Trog
 28124 | Swamp:4  | Got a decaying rune of Zot
 28423 | Snake:1  | Entered Level 1 of the Snake Pit
 28649 | Snake:1  | Noticed Aizul
 28681 | Snake:1  | Killed Aizul
 29161 | Snake:1  | Found Siosol's Jewellery Emporium.
 29162 | Snake:1  | Found Tockyow's Gadget Boutique.
 29162 | Snake:1  | Found Exoe's Gadget Boutique.
 29519 | Swamp:2  | Killed Suryr's ghost
 30091 | Snake:2  | Reached XP level 18. HP: 126/126 MP: 18/18
 30141 | Snake:2  | Noticed Louise
 30174 | Snake:2  | Killed Louise
 30235 | Snake:2  | Reached skill level 15 in Armour
 30676 | Snake:3  | Received a gift from Trog
 31090 | Snake:3  | Found a bloodstained altar of Trog.
 31466 | Snake:4  | Entered Level 4 of the Snake Pit
 31726 | Snake:4  | Received a gift from Trog
 31730 | Snake:4  | Reached skill level 19 in Fighting
 31869 | Snake:4  | Got a twisted morningstar {god gift}
 31870 | Snake:4  | Identified the +5 morningstar of Brawling {vorpal, Dex+2}
                  | (Trog gifted it to you on level 4 of the Snake Pit)
 32185 | Snake:4  | Reached XP level 19. HP: 133/133 MP: 19/19
 32472 | Snake:4  | Received a gift from Trog
 33117 | Snake:4  | Got a serpentine rune of Zot
 33584 | Elf:1    | Entered Level 1 of the Elven Halls
 33783 | Elf:1    | Identified Roxanne's Grimoire of Moulding
 33783 | Elf:1    | Noticed Roxanne
 33802 | Elf:1    | Killed Roxanne
 33991 | Elf:1    | Received a gift from Trog
 34006 | Elf:1    | Noticed Kirke
 34039 | Elf:1    | Killed Kirke
 34329 | Elf:1    | Noticed Agnes
 34335 | Elf:1    | Killed Agnes
 34787 | Elf:2    | Received a gift from Trog
 34913 | Elf:2    | Reached XP level 20. HP: 89/140 MP: 15/20
 35083 | Elf:2    | Reached skill level 20 in Fighting
 35188 | Elf:2    | Found Zojeegecw's Armour Shop.
 35200 | Elf:2    | Bought a +0 pair of gloves of strength for 207 gold pieces
 35412 | Elf:2    | Found a runed translucent gate.
 35412 | Elf:2    | Found a runed translucent gate.
 35412 | Elf:2    | Found a runed translucent gate.
 35718 | Elf:2    | Received a gift from Trog
 36253 | Depths:1 | Entered Level 1 of the Depths
 36305 | Depths:1 | Found a gateway to Hell.
 36350 | Depths:1 | Found a gateway to a ziggurat.
 36687 | Depths:1 | Found a corrupted altar of Lugonu.
 36807 | Depths:1 | Noticed a lich
 36811 | Depths:1 | Killed a lich
 37523 | Depths:2 | Found a one-way gate leading to the halls of Pandemonium.
 37613 | Depths:2 | Received a gift from Trog
 37690 | Depths:2 | Reached XP level 21. HP: 104/147 MP: 21/21
 38078 | Depths:2 | Found a one-way gate to the infinite horrors of the Abyss.
 38175 | Depths:2 | Reached skill level 21 in Fighting
 38369 | Depths:2 | Found a portal to a secret trove of treasure.
 38457 | Depths:2 | Found a corrupted altar of Lugonu.
 38824 | D:6      | Bought a potion of haste for 120 gold pieces
 38824 | D:6      | Bought 2 potions of curing for 72 gold pieces
 38824 | D:6      | Bought a potion of heal wounds for 60 gold pieces
 38824 | D:6      | Bought a potion of curing for 36 gold pieces
 38824 | D:6      | Bought a potion of curing for 36 gold pieces
 39042 | Orc:2    | Bought 2 potions of might for 112 gold pieces
 39042 | Orc:2    | Bought a potion of curing for 42 gold pieces
 39042 | Orc:2    | Bought a potion of curing for 42 gold pieces
 39042 | Orc:2    | Bought a potion of curing for 42 gold pieces
 39042 | Orc:2    | Bought a potion of haste for 140 gold pieces
 39432 | Depths:3 | Received a gift from Trog
 39658 | Depths:3 | Found Jywkobbar's Antique Weapon Shoppe.
 39676 | Depths:3 | Paralysed by a floating eye for 4 turns
 39778 | Depths:3 | Paralysed by a floating eye for 3 turns
 39830 | Depths:3 | Paralysed by a floating eye for 4 turns
 40260 | Depths:3 | Noticed a golden dragon
 40277 | Depths:3 | Killed a golden dragon
 40289 | Depths:3 | Reached skill level 22 in Fighting
 40338 | Depths:3 | Noticed a caustic shrike
 40351 | Depths:3 | Killed a caustic shrike
 40351 | Depths:3 | Reached XP level 22. HP: 102/156 MP: 22/22
 41487 | Depths:4 | Received a gift from Trog
 41578 | Depths:4 | Got a polished cloak
 41589 | Depths:4 | Identified the cursed +0 cloak of Action {Stlth+} (You
                  | found it on level 4 of the Depths)
 41917 | Depths:4 | Reached skill level 23 in Fighting
 42112 | Depths:5 | Entered Level 5 of the Depths
 42190 | Depths:5 | Reached skill level 1 in Dodging
 42410 | Depths:5 | Noticed a golden dragon
 42419 | Depths:5 | Killed a golden dragon
 43026 | Depths:5 | Found a gate to the Realm of Zot.
 43056 | Depths:5 | Found a corrupted altar of Lugonu.
 43489 | Vaults:1 | Entered Level 1 of the Vaults
 43495 | Vaults:1 | Found a magical portal.
 43530 | WizLab   | Entered The Chambers of the Cloud Mage
 43718 | WizLab   | Received a gift from Trog
 43824 | WizLab   | Reached XP level 23. HP: 125/167 MP: 23/23
 43950 | WizLab   | Got a faintly glowing silver ring
 43998 | WizLab   | Identified the ring of Virtue {+Fly Dex+4 Stlth+} (You
                  | found it in a wizard's laboratory)
 44235 | Vaults:1 | Noticed Asterion
 44253 | Vaults:1 | Killed Asterion
 44253 | Vaults:1 | Reached skill level 24 in Fighting
 44610 | Vaults:1 | Received a gift from Trog
 45000 | Vaults:1 | Noticed Saint Roka
 45029 | Vaults:1 | Killed Saint Roka
 45467 | Vaults:2 | Found a huge runed gate.
 45467 | Vaults:2 | Found a huge runed gate.
 45467 | Vaults:2 | Found a huge runed gate.
 45467 | Vaults:2 | Found a huge runed gate.
 45467 | Vaults:2 | Found a huge runed gate.
 45467 | Vaults:2 | Found a huge runed gate.
 45468 | Vaults:2 | Found a huge runed gate.
 45468 | Vaults:2 | Found a huge runed gate.
 45468 | Vaults:2 | Found a huge runed gate.
 45468 | Vaults:2 | Found a huge runed gate.
 45468 | Vaults:2 | Found a huge runed gate.
 45469 | Vaults:2 | Found a huge runed gate.
 45470 | Vaults:2 | Found a huge runed gate.
 45471 | Vaults:2 | Found a huge runed gate.
 45472 | Vaults:2 | Found a huge runed gate.
 45473 | Vaults:2 | Found a huge runed gate.
 45496 | Vaults:2 | Found a huge runed gate.
 45496 | Vaults:2 | Found a huge runed gate.
 45496 | Vaults:2 | Found a huge runed gate.
 45496 | Vaults:2 | Found a huge runed gate.
 45496 | Vaults:2 | Found a huge runed gate.
 45496 | Vaults:2 | Found a huge runed gate.
 45496 | Vaults:2 | Found a huge runed gate.
 45497 | Vaults:2 | Found a huge runed gate.
 45498 | Vaults:2 | Found a huge runed gate.
 45506 | Vaults:2 | Found a huge runed gate.
 45506 | Vaults:2 | Found a huge runed gate.
 45506 | Vaults:2 | Found a huge runed gate.
 45506 | Vaults:2 | Found a huge runed gate.
 45506 | Vaults:2 | Found a huge runed gate.
 45506 | Vaults:2 | Found a huge runed gate.
 45506 | Vaults:2 | Found a huge runed gate.
 45844 | Vaults:2 | Received a gift from Trog
 45912 | Vaults:2 | Found a staircase to the Crypt.
 46022 | Vaults:2 | Found Quizanod's Jewellery Emporium.
 46480 | Vaults:2 | Found a huge runed gate.
 46481 | Vaults:2 | Found a huge runed gate.
 46482 | Vaults:2 | Found a huge runed gate.
 46490 | Vaults:2 | Found a huge runed gate.
 46539 | Vaults:2 | Reached skill level 25 in Fighting
 46887 | Vaults:3 | Received a gift from Trog
 47224 | Vaults:3 | Got a pitted kite shield
 47235 | Vaults:3 | Identified the +3 kite shield "Xofefus" {Str+2} (You found
                  | it on level 3 of the Vaults)
 47378 | Vaults:3 | Reached XP level 24. HP: 176/176 MP: 23/23
 48207 | Vaults:4 | Received a gift from Trog
 48833 | Vaults:4 | Received a gift from Trog
 48844 | Vaults:4 | Reached skill level 26 in Fighting
 49504 | Vaults:4 | Received a gift from Trog
 50652 | Depths:2 | You paid a toll of 18 potions of curing to enter a treasure
                  | trove
 50653 | Trove    | Entered a treasure trove
 50661 | Trove    | Got a fading eveningstar
 50666 | Trove    | Identified the +0 eveningstar of Plunder {venom, Dex+3}
                  | (You found it in a treasure trove)
 51003 | Vaults:5 | Entered Level 5 of the Vaults
 51045 | Vaults:5 | Noticed an ancient lich
 51068 | Vaults:5 | Killed an ancient lich
 51068 | Vaults:5 | Reached XP level 25. HP: 177/185 MP: 23/23
 51087 | Vaults:5 | Reached skill level 27 in Fighting
 51088 | Vaults:5 | Noticed an ancient lich
 51224 | Vaults:5 | Gained mutation: You tend to lose your temper in combat. [a
                  | cacodemon]
 51308 | Vaults:5 | Received a gift from Trog
 51356 | Vaults:5 | HP: 5/187 [tengu reaver/+1 battleaxe (16)]
 51649 | Vaults:5 | Killed an ancient lich
 51684 | Vaults:5 | Identified the +1 shortbow "Ecsoradgh" {vorpal, rElec rF+}
 51690 | Vaults:5 | Identified the amulet of Sif Muna's Indignation {Regen+
                  | Str+3}
 51746 | Vaults:5 | Identified the +5 battleaxe "Geashubi" {antimagic, +Inv}
 51762 | Vaults:5 | Received a gift from Trog
 51765 | Vaults:5 | Identified the cursed +0 chain mail "Guicoc" {rF+ Regen+
                  | Int+3}
 51780 | Vaults:5 | Paralysed by a floating eye for 3 turns
 51816 | Vaults:5 | Identified the +10 rapier of Contradiction {protect, SInv}
 52056 | Vaults:5 | Got a silver rune of Zot
 52098 | Vaults:5 | Identified the +10 plate armour of Quantum Leap {rN+ MR+
                  | Str-5}
 52114 | Vaults:5 | Paralysed by a floating eye for 4 turns
 52133 | Vaults:5 | HP: 5/187 [acid[a yaktaur captain] (15)]
 52171 | Vaults:5 | Identified the ring "Kuadak" {EV+4 Str+5}
 52174 | Vaults:5 | Reached XP level 26. HP: 65/193 MP: 23/23
 53138 | Vaults:5 | Got a pair of translucent gloves
 53149 | Vaults:5 | Identified the cursed +0 pair of gloves of Doskukh {Harm
                  | rElec Str-3 Int+2} (You found it on level 5 of the Vaults)
 53488 | Temple   | Fell from the grace of Trog
 53488 | Temple   | Became a worshipper of Zin the Law-Giver
 53488 | Temple   | Reached * piety under Zin
 53488 | Temple   | Reached ** piety under Zin
 53491 | Temple   | Donated 1796 gold pieces to Zin
 53502 | Temple   | Reached *** piety under Zin
 53505 | D:7      | Donated 898 gold pieces to Zin
 53586 | D:11     | Reached **** piety under Zin
 53704 | D:15     | Reached ***** piety under Zin
 53748 | Hell     | Entered the Vestibule of Hell
 53749 | Hell     | Noticed Geryon
 53851 | Hell     | HP: 4/193 [iron golem (22)]
 53853 | Hell     | Mangled by a hell beast

Illustrated notes

Levels and vault maps discovered:
D:1:      ncdulo_halloftheorcs, layout_rooms
D:2:      kb_forest_paths, layout_basic, chequers_ecumenical_altar_twisty,
          minmay_3d_cube
D:3:      layout_rooms, first_ration, uniq_grinder
D:4:      layout_loops_ring, yredelemnul_altar_generic, nicolae_alphabet_shops,
          chequers_mini_garden, uniq_crazy_yiuf_cottage
D:5:      layout_loops_corners, kennysheep_another_room
D:6:      layout_basic, serial_shops, nicolae_shop_behind_doors,
          gup_sewer_entry_bubbles, minmay_manual_moon
D:7:      layout_gridville, minmay_temple_entry_statues
D:8:      layout_rooms, old_standard_altar, nemelex_altar_shiori,
          kennysheep_mini, uniq_gastronok
D:9:      layout_basic, serial_shops, shop_coins, uniq_pikel
D:10:     layout_rooms, dpeg_oklobed_lair, hiddenorc1_lemuel
D:11:     layout_rooms
D:12:     layout_basic
D:13:     layout_big_octagon, lightli_vaults_fourway_checkpoint, basic_altar,
          serial_column_ruins, column_ruins_hut, column_ruins_square_large,
          column_ruins_grid_4, column_ruins_grid_3, column_ruins_corridor_plus,
          column_ruins_open_medium, grunt_ogre_cave
D:14:     layout_stronghold, hangedman_decor_lopped, serial_shops,
          kennysheep_mini_moat
D:15:     grunt_enter_depths_hoard, layout_basic, serial_shops,
          nicolae_shop_statue_plus, lemuel_statue_altar
Temple:   compressed_dpeg_circular_temple
Lair:1:   layout_regular_city, serial_bayou_shore_b, grunt_megastairs_5,
          serial_bayou_shore_b, lemuel_fruit_fields
Lair:2:   layout_roguey, minmay_swamp_entry_worms, patterned_corridor
Lair:3:   layout_cave_pods, grunt_megastairs_2
Lair:4:   layout_cave_pods, dummy_snake_entry
Lair:5:   minmay_lair_venomous_thicket, layout_gridlike, lemuel_fruit_fields,
          infiniplex_staircase_pool
Lair:6:   minmay_lair_end_frog_pond, layout_misc_corridors,
          nicolae_slime_entry_slimehenge, ebering_ghost_funeral_grove,
          hangedman_lair_unloving_vines, minivault_24, lemuel_centaur_altar
Swamp:1:  layout_basic_swamp, gammafunk_ghost_hydra_chop, serial_swamp_ruin,
          evilmike_swamp_ruin_house_3, evilmike_swamp_ruin_house_2, swamp_pool1
Swamp:2:  layout_basic_swamp, ebering_ghost_disaster_area,
          nicolae_swamp_round_clearing
Swamp:3:  layout_basic_swamp, hangedman_swamp_lotus, uniq_donald
Swamp:4:  swamp_basic_johnstein, layout_basic_swamp, uniq_mara
Snake:1:  layout_honeycomb, nicolae_snake_squiggles, minmay_shop_grove,
          uniq_aizul
Snake:2:  layout_concentric_octagons, uniq_louise
Snake:3:  layout_onion_interference, basic_altar, drop_trap
Snake:4:  grunt_snake_rune_spirals, layout_onion_interference
Orc:1:    layout_caves
Orc:2:    st_orc_open, layout_diamond_mine, rock_pile, uniq_azrael
Elf:1:    eino_elf_arrival_the_gate, layout_geoelf_octagon,
          kennysheep_underground_church, uniq_agnes, uniq_roxanne, uniq_kirke
Elf:2:    layout_geoelf_diagonals, serial_shops, nicolae_shop_behind_doors,
          minivault_16, minmay_fountain_box, serial_sigils_hangedman_shear,
          grunt_ministairs_6
Vaults:1: nicolae_vaults_ring_of_whatevers, nicolae_vaults_angled_halls,
          v_misc_2, nicolae_vaults_circle_grid_a, vaults_room_ringed_pool,
          v_misc_5, grunt_vaults_swirl, v_misc_24,
          nicolae_vaults_little_squares_4, vaults_dpeg_encased_lava,
          vaults_room_grunt_arrival_ludios, layout_vaults_omnicross,
          lightli_enter_wizlab_magi_temple, uniq_asterion, uniq_saint_roka
Vaults:2: hangedman_vaults_slice, hangedman_vaults_river_flow,
          vaults_not_door_vault_due, vaults_room_corners,
          layout_vaults_omnigrid, serial_shops, nicolae_shop_stone
Vaults:3: nicolae_vaults_little_squares_3, hangedman_vaults_pinch, v_misc_26,
          v_rooms_6, grunt_vaults_twisty, nicolae_vaults_little_squares_3,
          hangedman_vaults_variations, hangedman_vaults_stretched_pinwheel,
          vaults_mumra_chevron, serial_ice_g, hangedman_vaults_snaps,
          nicolae_vaults_little_squares_2, v_misc_15, vaults_room_door_ring,
          grunt_vaults_hallway_short, layout_vaults_ring
Vaults:4: nicolae_vaults_diagonal_hallway_7, nicolae_vaults_ninety_degrees,
          nicolae_vaults_stairing_the_circle, ontoclasm_vaults_gallery,
          v_misc_18, v_rooms_1, v_misc_23, hangedman_vaults_maws, v_pattern_2,
          nicolae_vaults_little_squares_2, layout_vaults_big_room
Vaults:5: serial_shops
Depths:1: dpeg_oklob_gauntlet, layout_gridlike, enter_ziggurat_e,
          pf_vacation_house_of_asmodeus, nrook_uturn, nrook_mini_vaults,
          serial_bayou_ford_a, serial_sigils_hangedman_snap, st_stairs_9,
          minmay_strange_pillars, corner_web_ring, minmay_misc_feat_rugged,
          tgw_lugonu_bribe
Depths:2: due_chaos_kobolds, layout_small_grid, grunt_metal_band, pan_entry,
          enter_trove_5, abyss_entry, chequers_decorated_corner
Depths:3: minmay_the_grid_square_5x5_5x5_mashed
          [minmay_the_grid_square_5x5_bite, minmay_the_grid_square_5x5_tie,
          minmay_the_grid_square_5x5_lines, minmay_the_grid_square_5x5_spiral,
          minmay_the_grid_square_5x5_eight_small,
          minmay_the_grid_square_5x5_forky,
          minmay_the_grid_square_5x5_prize_pseudospiral,
          minmay_the_grid_square_5x5_n_small,
          minmay_the_grid_square_5x5_prize_itemx,
          minmay_the_grid_square_5x5_checkered_sparse,
          minmay_the_grid_square_5x5_checkered,
          minmay_the_grid_square_5x5_six_small,
          minmay_the_grid_square_5x5_prize_waves,
          minmay_the_grid_square_5x5_eight,
          minmay_the_grid_square_5x5_trominoes,
          minmay_the_grid_square_5x5_two_small,
          minmay_the_grid_square_5x5_prize_junk,
          minmay_the_grid_square_5x5_minivault,
          minmay_the_grid_square_5x5_prize_open,
          minmay_the_grid_square_5x5_minibox, minmay_the_grid_square_5x5_two,
          minmay_the_grid_square_5x5_n,
          minmay_the_grid_square_5x5_inverted_slash,
          minmay_the_grid_square_5x5_two_walls_b,
          minmay_the_grid_square_5x5_gyroscope], layout_cave_shapes,
          rand_demon_pan_entry_8, grunt_hell_entry_dis_grunt, serial_shops,
          nicolae_shop_behind_doors
Depths:4: impenetrable_vault, layout_cave_pools, abyss_entry,
          grunt_decor_mini_mirrors, hell_entry, small_statue_intersection
Depths:5: grunt_twist_and_shout, layout_basic, abyss_entry_flame_altar,
          serial_co_window_serial, co_window_paths_b,
          co_window_of_opportunity_a, co_window_corner_a, co_window_paths_b,
          co_window_corner_a, co_window_paths_b, co_window_of_opportunity_a,
          co_window_broadway_c, co_window_broadway_c,
          co_window_of_opportunity_b, co_window_broadway_b, glass_columns_a,
          glass_columns_b, glass_columns_a, hell_entry
Hell

Skill      XL: |  1  2  3  4  5  6  7  8  9 10 11 12 13 14 15 16 17 18 19 20 21 22 23 24 25 26 |
---------------+-------------------------------------------------------------------------------+-----
Maces & Flails | 3 5 6 8 10 12 14 15 16 | 16.0
Fighting       | 4 5 6 8 10 11 12 13 15 16 17 18 19 20 22 23 25 26 27 | 27.0
Shields        | 4 5 6 8 10 11 12 13 17 18 20 21 22 23 24 25 | 25.0
Armour         | 8 12 14 16 18 19 20 21 22 25 26 | 26.0
Dodging        | 2 3 |  3.2

Action                   |  1- 3 |  4- 6 |  7- 9 | 10-12 | 13-15 | 16-18 | 19-21 | 22-24 | 25-27 || total
-------------------------+-------+-------+-------+-------+-------+-------+-------+-------+-------++-------
Melee: Flail             |   206 |   197 |   704 |   353 |       |       |       |       |       ||  1460
       Whip              |       |       |       |   196 |       |       |       |       |       ||   196
       Morningstar       |       |       |       |   401 |  1525 |   521 |       |       |       ||  2447
       Mace              |       |       |       |       |       |   877 |       |       |       ||   877
       Eveningstar       |       |       |       |       |       |   404 |  1497 |  1853 |   804 ||  4558
       Demon whip        |       |       |       |       |       |    69 |    53 |       |       ||   122
Invok: Berserk           |       |       |       |     3 |     2 |     2 |     2 |     1 |       ||    10
       Trog's Hand       |       |       |       |       |     3 |     3 |     3 |     6 |     7 ||    22
       Brothers in Arms  |       |       |       |       |       |     4 |     2 |     5 |     2 ||    13
       Donate Gold       |       |       |       |       |       |       |       |       |     2 ||     2
 Abil: Fly               |       |       |       |       |     1 |       |       |     1 |       ||     2
       Stop Flying       |       |       |       |       |       |       |     1 |     1 |       ||     2
Evoke: Wand              |       |       |     8 |       |       |     3 |       |       |       ||    11
  Use: Scroll            |     5 |     9 |     3 |    14 |     9 |     9 |     4 |     8 |     6 ||    67
       Potion            |       |     1 |     4 |     1 |       |     3 |     2 |     2 |    15 ||    28
 Stab: Invisible         |       |       |     2 |       |       |       |       |       |       ||     2
       Distracted        |       |       |       |       |       |     1 |     1 |       |       ||     2
  Eat: Chunk             |     1 |     6 |    13 |    21 |    33 |    26 |    24 |    37 |     4 ||   165
       Ration            |       |       |     1 |       |       |     5 |     2 |     2 |     2 ||    12
Armor: Scale mail        |   121 |   103 |    29 |       |       |       |       |       |       ||   253
       Chain mail        |       |       |   292 |    10 |       |       |       |       |       ||   302
       Plate armour      |       |       |       |   277 |   446 |   805 |   419 |    41 |       ||  1988
       Gold dragon scale |       |       |       |       |       |       |       |   639 |   551 ||  1190
       Shadow dragon sca |       |       |       |       |       |       |       |    29 |       ||    29
Dodge: Dodged            |    44 |    41 |    85 |    68 |    97 |   265 |   149 |   265 |   191 ||  1205
Block: Tower shield      |   182 |   190 |   657 |   771 |  1569 |  2743 |  1931 |  2484 |  1315 || 11842
       Kite shield       |     5 |       |       |       |       |       |       |       |       ||     5
       Reflection        |       |       |       |       |    47 |   190 |   121 |       |       ||   358
